 Dungeon Crawl Stone Soup version 5.1-80-g04056d8 (webtiles) character file.

4794 tatters the Fighter (level 12, -2/85 HPs)
             Began as a Skeleton Wanderer on Oct 31, 2017.
             Was a Priest of Cheibriados.
             Slain by a yak (12 damage)
             ... on level 11 of the Dungeon.
             The game lasted 00:31:43 (10519 turns).

tatters the Fighter (Skeleton Wanderer)            Turns: 10519, Time: 00:31:44

Health: -2/85      AC:  8 (19%)Str: 31  XL:     12   Next: 5%
Magic:  0/19       EV: 11    Int: 16    God:    Cheibriados [3*[86]]
Gold:   770        SH:  6    Dex: 24    Spells: 8/21 levels left

rFire    . . .     SeeInvis .   M - +8 flail of Broken Luck {crush, *Rage Str+5 Dex+5}
rCold    + . .     Faith    .   W - +0 buckler
rNeg     + + +     Spirit   +   C - +0 troll leather armour
rPois    ∞         Reflect  .   m - +0 helmet
rElec    .                      s - +0 cloak
rCorr    .                      y - +0 pair of gloves
MR       ++...                  (no boots)
Stlth    ++........             B - amulet of guardian spirit
Regen    0.7/turn               h - ring of protection from magic
MPRegen  0.3/turn               x - ring of wizardry

@: about to teleport, very slightly contaminated, invisible, very slow
A: spooky, fear immunity, bone armour, cold resistance 1, negative energy
resistance 3, torment resistance, unbreathing
a: Bend Time, Temporal Distortion, Renounce Religion


You were on level 11 of the Dungeon.
You worshipped Cheibriados.
Cheibriados was most pleased with you.
You were not hungry.

You visited 1 branch of the dungeon, and saw 11 of its levels.

You collected 770 gold pieces.

Inventory:

Hand Weapons
 H - a +3 halberd
 M - the +8 flail of Broken Luck (weapon) {crush, *Rage Str+5 Dex+5}
   (You found it on level 7 of the Dungeon)

   It inflicts extra damage upon your enemies.
   It affects your strength (+5).
   It affects your dexterity (+5).
   It may make you go berserk in combat.
 N - a +2 dagger of venom
 O - a +1 spear of freezing
 P - a +3 trident
 Q - a +1 whip of draining
 R - a +4 spear
 T - a +3 hand axe
 X - a +4 dagger of pain
 Z - a +2 scimitar of flaming
Missiles
 i - 470 bolts
 j - 3713 stones (quivered)
 n - a tomahawk
 L - 742 arrows
Armour
 m - a +0 helmet (worn)
 o - a +2 scale mail
 s - a +0 cloak (worn)
 y - a +0 pair of gloves (worn)
 C - a +0 troll leather armour (worn)
 V - a +2 robe of the Archmagi
 W - a +0 buckler (worn)
Jewellery
 a - an uncursed ring of wizardry
 b - an uncursed ring of ice
 h - a ring of protection from magic (left hand)
 q - a +3 ring of evasion
 u - a +3 ring of protection
 x - a ring of wizardry (right hand)
 A - a +6 ring of strength
 B - an amulet of guardian spirit (around neck)
 U - a +6 ring of dexterity
Wands
 r - a wand of paralysis (5)
 F - a wand of digging (6)
 I - a wand of flame (7)
 S - a wand of polymorph (6)
 Y - a wand of acid (7)
Scrolls
 d - a scroll of silence
 e - 3 scrolls of teleportation
 g - a scroll of blinking
 p - 3 scrolls of fog
 t - 2 scrolls of magic mapping
 v - 3 scrolls of enchant weapon
 G - 3 scrolls of amnesia
 J - a scroll of enchant armour
Potions
 c - 11 potions of curing
 f - 5 potions of augmentation
 k - 3 potions of cancellation
 l - a potion of magic
 z - 4 potions of heal wounds
 K - 3 potions of flight


   Skills:
 - Level 9.1 Fighting
 - Level 0.2 Blades
 - Level 4.0 Maces & Staves
 - Level 3.1 Polearms
 - Level 1.0 Throwing
 - Level 6.1 Armour
 - Level 4.0 Shields
 + Level 5.2 Spellcasting
 - Level 9.1 Summonings
 - Level 2.0 Fire Magic
 - Level 1.1 Ice Magic
 - Level 2.0 Air Magic
 - Level 5.0 Invocations
 - Level 3.0 Evocations


You had 8 spell levels left.
You knew the following spells:

 Your Spells              Type           Power        Failure   Level  Hunger
a - Summon Demon          Summ           33 (200)     4%          5    N/A
b - Conjure Flame         Fire/Air       10 (100)     9%          3    N/A
c - Aura of Abjuration    Summ           33 (200)     4%          5    N/A

Dungeon Overview and Level Annotations

Branches:
Dungeon (11/15)

Altars:
Cheibriados
Dithmenos
Elyvilon
Gozag
Hepliaklqana
Jiyva
Kikubaaqudgha
Makhleb
Okawaru
Qazlal
Ru
Sif Muna
Trog
Uskayaw
Vehumet
Xom
Yredelemnul
Zin
The Shining One


Innate Abilities, Weirdness & Mutations

You are spooky and scary.
You do not feel fear.
You gain temporary bone armour from killing.
You are immune to poison.
Your flesh is cold resistant. (rC+)
You are immune to negative energy. (rN+++)
You are immune to unholy pain and torment.
You can survive without breathing.


Message History

The yak gores your soul eater (8)!
Your soul eater dies!
A spiny frog comes into view.
Unknown command.
You hear a bellow!
The spiny frog moves out of view.
Unknown command.
The green ugly thing completely misses something.
You closely miss something. Something gores you (11)!
You closely miss something. Something gores you (15)!
* * * LOW HITPOINT WARNING * * *
Okay, then.
As you read the scroll of teleportation, it crumbles to dust.
You feel strangely unstable. Something gores you but does no damage.
Unknown command.
The green ugly thing gurgles horribly!
You hit something (5). Something gores you (14)!
* * * LOW HITPOINT WARNING * * *
Something gores you (14)!
You die...

.. .# ###.####
#......# #.[...#
..##...?.#
......Y..### ##
...#.....Z.##.####
. #.....Y..@....#
#P.......##..#.#
...P.##...# ....#
.P.### ###.#
.#...# ... ..#
##..## .# #.. .#
.... . .. .#


You could see 2 yaks and a centaur warrior zombie.

Vanquished Creatures
  A centaur warrior (D:9)
  A deep elf mage (D:8)
  An orc sorcerer (D:9)
  A spiny frog (D:9)
  A troll (D:5)
  Grinder (D:4)
  Prince Ribbit (D:9)
  Sigmund (D:4)
  3 wyverns
  14 yaks (D:9)
  Eustachio (D:6)
  2 angry ghosts
  Menkaure (D:6)
  3 black bears
  An orc warrior (D:7)
  4 ice beasts
  A spiny frog skeleton (D:7)
  A phantom (D:9)
  6 centaurs
  2 ogres
  A gnoll sergeant (D:6)
  2 wyvern zombies
  3 scorpions
  A troll zombie (D:7)
  4 crimson imps
  8 killer bees
  4 wights (D:7)
  A howler monkey (D:3)
  4 hounds
  2 quasits
  5 human zombies (D:7)
  A jelly (D:8)
  2 orc priests
  2 bullfrog skeletons
  A gnoll shaman (D:7)
  A centaur skeleton (D:9)
  Terence (D:3)
  7 worker ants
  6 orc wizards
  4 human skeletons (D:7)
  3 killer bee zombies
  2 iguanas (D:7)
  A hound skeleton (D:5)
  A mummy (D:7)
  A howler monkey zombie (D:6)
  Samantha (D:3)
  7 adders
  8 gnolls
  2 shadow imps (D:5)
  An ooze (D:7)
  2 dart slugs
  16 orcs
  9 quokkas
  7 giant cockroaches
  17 goblins
  11 hobgoblins
  12 jackals
  6 bats
  6 frilled lizards
  6 kobolds
  11 rats
237 creatures vanquished.

Vanquished Creatures (collateral kills)
  Erica (D:9)
  A two-headed ogre (D:9)
  An orc high priest (D:10)
  An ugly thing (D:11)
  A troll (D:10)
  2 polar bears (D:10)
  A wyvern (D:10)
  2 yaks
  A steam dragon (D:10)
  A warg (D:10)
  3 orc warriors (D:10)
  A centaur skeleton (D:10)
  An orc (D:10)
17 creatures vanquished.

Vanquished Creatures (others)
  2 centaurs (D:10)
2 creatures vanquished.

Grand Total: 256 creatures vanquished

Notes
Turn   | Place    | Note
-------+----------+-------------------------------------------
     0 | D:1      | tatters the Skeleton Wanderer began the quest for the Orb.
     0 | D:1      | tatters set off with: a +2 scale mail, a scroll of teleportation, a potion of curing, a +0 dagger
     0 | D:1      | Reached XP level 1. HP: 15/15 MP: 1/1
    58 | D:1      | Reached XP level 2. HP: 18/20 MP: 2/2
   573 | D:1      | Reached XP level 3. HP: 26/26 MP: 3/3
  1177 | D:2      | Found a shimmering altar of Xom.
  1262 | D:2      | Reached XP level 4. HP: 29/33 MP: 4/4
  1845 | D:3      | Noticed Terence
  1901 | D:3      | Found a white marble altar of Elyvilon.
  1928 | D:3      | Killed Terence
  1928 | D:3      | Reached XP level 5. HP: 37/38 MP: 5/5
  1965 | D:3      | Reached skill level 5 in Fighting
  1983 | D:3      | Found an opulent altar of Gozag.
  2024 | D:3      | Found a basalt altar of Yredelemnul.
  2024 | D:3      | Found a deep blue altar of Sif Muna.
  2025 | D:3      | Found a burning altar of Makhleb.
  2025 | D:3      | Found a hazy altar of Hepliaklqana.
  2141 | D:3      | Found a bloodstained altar of Trog.
  2175 | D:3      | Noticed Samantha
  2214 | D:3      | Reached XP level 6. HP: 39/46 MP: 6/6
  2244 | D:3      | Killed Samantha
  2817 | D:4      | Noticed Grinder
  2827 | D:4      | Killed Grinder
  2827 | D:4      | Reached XP level 7. HP: 54/54 MP: 7/7
  2842 | D:4      | Found a glowing golden altar of the Shining One.
  2941 | D:4      | Reached skill level 1 in Evocations
  2942 | D:4      | Found a shadowy altar of Dithmenos.
  3034 | D:4      | Noticed Sigmund
  3081 | D:4      | Killed Sigmund
  3081 | D:4      | Reached XP level 8. HP: 37/60 MP: 8/10
  3847 | D:5      | Entered Level 5 of the Dungeon
  4811 | D:5      | Found an iron altar of Okawaru.
  4921 | D:5      | Found a viscous altar of Jiyva.
  4979 | D:5      | Noticed a troll
  5019 | D:5      | Killed a troll
  5019 | D:5      | Reached skill level 5 in Armour
  5019 | D:5      | Reached XP level 9. HP: 29/68 MP: 9/11
  5209 | D:5      | Found a hide-covered altar of Uskayaw.
  5212 | D:5      | Found a glowing silver altar of Zin.
  5225 | D:5      | Found an ancient bone altar of Kikubaaqudgha.
  5229 | D:5      | Found a sacrificial altar of Ru.
  5241 | D:5      | Found a snail-covered altar of Cheibriados.
  5245 | D:5      | Found a stormy altar of Qazlal.
  5480 | D:5      | Became a worshipper of Cheibriados the Contemplative
  5576 | D:6      | Found a radiant altar of Vehumet.
  5584 | D:6      | Noticed Eustachio
  5605 | D:6      | Killed Eustachio
  5682 | D:6      | Noticed Menkaure
  5697 | D:6      | Killed Menkaure
  5697 | D:6      | Reached skill level 1 in Invocations
  6869 | D:7      | Got the +8 flail of Broken Luck {crush, *Rage Str+5 Dex+5}
  6995 | D:7      | Reached * piety under Cheibriados
  7073 | D:7      | Reached XP level 10. HP: 68/74 MP: 10/13
  7396 | D:7      | Reached skill level 5 in Invocations
  7423 | D:7      | Found an ancient bone altar of Kikubaaqudgha.
  7430 | D:7      | Reached skill level 1 in Summonings
  7679 | D:8      | Noticed a deep elf mage
  7691 | D:8      | Killed a deep elf mage
  7692 | D:8      | Reached ** piety under Cheibriados
  7915 | D:8      | Reached skill level 5 in Summonings
  8071 | D:8      | Learned a level 5 spell: Summon Demon
  8211 | D:9      | Noticed a spiny frog
  8217 | D:9      | Killed a spiny frog
  8345 | D:9      | Noticed Erica
  8371 | D:9      | Learned a level 3 spell: Conjure Flame
  8471 | D:9      | Reached XP level 11. HP: 49/80 MP: 6/14
  8524 | D:9      | Noticed Prince Ribbit
  8879 | D:9      | Noticed an orc sorcerer
  8884 | D:9      | Killed an orc sorcerer
  8893 | D:9      | HP: 3/80 [burnt (8)]
  9087 | D:9      | Noticed a centaur warrior
  9098 | D:9      | Killed a centaur warrior
  9261 | D:9      | Noticed a two-headed ogre
  9269 | D:9      | Killed a two-headed ogre
  9269 | D:9      | Reached skill level 1 in Spellcasting
  9372 | D:9      | Learned a level 5 spell: Aura of Abjuration
  9430 | D:9      | Killed Prince Ribbit
  9591 | D:9      | Killed Erica
  9591 | D:9      | Reached skill level 1 in Fire Magic
  9591 | D:9      | Reached skill level 1 in Ice Magic
  9650 | D:10     | Entered Level 10 of the Dungeon
  9754 | D:10     | Reached *** piety under Cheibriados
  9822 | D:10     | Reached skill level 1 in Air Magic
  9948 | D:10     | Noticed an orc high priest
 10036 | D:10     | Found a bloodstained altar of Trog.
 10468 | D:10     | Noticed a sixfirhy
 10470 | D:10     | Noticed a sixfirhy
 10476 | D:10     | Killed an orc high priest
 10477 | D:10     | Reached XP level 12. HP: 70/85 MP: 6/18
 10504 | D:11     | Reached skill level 5 in Spellcasting
 10519 | D:11     | Slain by a yak

Skill      XL: |  1  2  3  4  5  6  7  8  9 10 11 12 |
---------------+-------------------------------------+-----
Armour         | 3 5 6 |  6.1
Fighting       | 3 4 5 7 9 |  9.1
Evocations     | 3 |  3.0
Invocations    | 4 5 |  5.0
Polearms       | 3 |  3.1
Maces & Staves | 3 4 |  4.0
Summonings     | 7 9 |  9.1
Shields        | 4 |  4.0
Spellcasting   | 4 5 |  5.2
Fire Magic     | 2 |  2.0
Ice Magic      | 1 |  1.1
Air Magic      | 2 |  2.0
Blades         | |  0.2
Throwing       | |  1.0

Action                   |  1- 3 |  4- 6 |  7- 9 | 10-12 || total
-------------------------+-------+-------+-------+-------++-------
Melee: Dagger            |   148 |   245 |   546 |       ||   939
       Halberd           |       |       |    58 |       ||    58
       Flail             |       |       |    35 |   275 ||   310
 Cast: Summon Demon      |       |       |       |    29 ||    29
Invok: Bend Time         |       |       |     4 |     5 ||     9
Evoke: Wand              |       |     2 |     2 |       ||     4
  Use: Potion            |       |       |       |     2 ||     2
       Scroll            |       |       |       |     1 ||     1
 Stab: Paralysed         |       |     8 |    21 |     2 ||    31
       Sleeping          |       |       |       |     2 ||     2
Armor: Scale mail        |    67 |   139 |   315 |       ||   521
       Troll leather arm |       |       |    48 |    84 ||   132
Dodge: Dodged            |    77 |   198 |   526 |   181 ||   982
Block: Other             |       |    19 |     4 |    14 ||    37
       Buckler           |       |       |       |    27 ||    27
